 Dungeon Crawl Stone Soup version 0.29-a0-1033-gb6c65ffae6 (webtiles) character file.

Game seed: 3866678675642663695

126 lesbiats the Conjurer (level 4, -3/36 HPs)
             Began as a Draconian Conjurer on Aug 14, 2022.
             Killed by nerve-wracking pain
             ... invoked by Grinder
              (13 damage)
             ... on level 3 of the Dungeon.
             The game lasted 00:07:47 (2327 turns).

lesbiats the Conjurer (Draconian Conjurer)          Turns: 2327, Time: 00:07:47

Health: -3/36      AC:  5    Str: 10    XL:     4   Next: 84%
Magic:  0/8        EV: 12    Int: 20    God:
Gold:   153        SH:  0    Dex:  9    Spells: 5/8 levels left

rFire   . . .      SeeInvis .   j - +2 dagger (drain)
rCold   . . .      Faith    .   (no shield)
rNeg    . . .      Spirit   .   (body armour unavailable)
rPois   .          Reflect  .   (helmet restricted)
rElec   .          Harm     .   (no cloak)
rCorr   .          Rampage  .   (no gloves)
Will    .....                   (no boots)
Stlth   ++........              (no amulet)
HPRegen 0.12/turn               (no ring)
MPRegen 0.11/turn               (no ring)

@: no status effects
A: AC +5, unfitting armour, cold-blooded
a: no special abilities


You were on level 3 of the Dungeon.
You visited 1 branch of the dungeon, and saw 3 of its levels.

You collected 153 gold pieces.

Inventory:

Hand Weapons
 f - a +0 dagger
 j - a +2 dagger of draining (weapon)
Missiles
 c - 2 silver javelins
 o - 6 boomerangs
 p - 4 stones
Armour
 b - a +0 kite shield
Jewellery
 i - a ring of ice
Scrolls
 d - a scroll of poison {unknown}
 e - 3 scrolls of identify {unknown}
 g - 2 scrolls of teleportation {unknown}
 k - a scroll of fog {unknown}
 l - a scroll of noise {unknown}
Potions
 a - a potion of magic
 h - a potion of attraction {unknown}
 m - a potion of might {unknown}
 n - a potion of mutation {unknown}
 q - a potion of lignification {unknown}


   Skills:
 + Level 2.2 Fighting
 - Level 1.7 Dodging
 - Level 1.7 Stealth
 + Level 2.9 Spellcasting
 * Level 5.2 Conjurations


You had 5 spell levels left.
You knew the following spells:

 Your Spells              Type           Power      Damage    Failure   Level
a - Magic Dart            Conj           92%        1d7       1%          1
b - Searing Ray           Conj           46%        2d6       2%          2

Your spell library contained the following spells:

 Spells                   Type           Power      Damage    Failure   Level
 Dazzling Flash           Conj/Hex       26%        N/A       14%         3
 Ozocubu's Armour         Ice            2%         N/A       41%         3
 Fulminant Prism          Conj/Hex       6%         3d7       43%         4
 Iskenderun's Mystic Bla  Conj/Tloc      13%        2d5       43%         4
 Ozocubu's Refrigeration  Ice            1%         4d7       100%        7


Dungeon Overview and Level Annotations

Branches:
Dungeon (3/15)

Altars:

Annotations:
D:3 Grinder


Innate Abilities, Weirdness & Mutations

Your plain brown scales are hard. (AC +5)
You cannot fit into any form of body armour.
You are cold-blooded and may be slowed by cold attacks.


Message History

Grinder gestures at you.
You suddenly lose the ability to move!
The rat bites you. The rat bites you but does no damage.
Grinder blinks!
You can move again.
Casting: Searing Ray (safe; 2% risk of failure)
Confirm with . or Enter, or press ? or * to list all spells.
Aiming: Searing Ray (safe; 2% risk of failure)
Press: ? - help, Shift-Dir - straight line, f/p - Grinder
Aim: Grinder (severely wounded, 75% to hit)
The searing ray hits the rat!
You kill the rat!
The searing ray hits Grinder!
Grinder is almost dead. (Press . to maintain the ray.) Grinder gestures at you.
Pain shoots through your body!
* * * LOW HITPOINT WARNING * * *
Without enough magic to sustain it, your searing ray dissipates.
Grinder gestures at you.
You shrug off the repeated paralysis!
You don't have enough magic to cast this spell.
Grinder gestures at you.
You shrug off the repeated paralysis!
Grinder blinks!
There is an open door here.
There is a stone staircase leading down here.
There is an open door here.
You hit Grinder.
Your tail-slap misses Grinder.
Grinder is almost dead.
Grinder blinks!
Grinder barely misses you.
Aiming: Magic Dart (safe; 1% risk of failure)
Press: ? - help, Q - select action, (/) - cycle Shift-Dir - straight line, f/p - Grinder
Aim: Grinder (almost dead, 100% to hit)
The magic dart hits Grinder.
Grinder is almost dead.
Grinder gestures at you. Pain shoots through your body!
You die...

#####+#.#.###.)#.#....
#.......#..<#..#.# ..
#.......#####..#.#
#.......#.....<#.#
#.......#.###†.#.#
#.......# #..#.#
#.).....# #..#.#
#...5...# #...
#####@#.# #... #.#.#
#... ###'#.#.#....#.
#..>.......
#...<......
#.......### #.......+
#.......# ..?.....#


You could see Grinder.

Vanquished Creatures
  Natasha (thrice) (D:2)
  An adder (D:3)
  A dart slug (D:2)
  2 orcs (D:3)
  A bat (D:1)
  3 endoplasms (D:1)
  2 goblins (D:1)
  2 hobgoblins (D:3)
  3 kobolds
  6 quokkas
  6 ball pythons
  A frilled lizard (D:2)
  8 rats
39 creatures vanquished.

Vanquished Creatures (others)
  2 fungi (D:3)
  3 plants (D:3)
5 creatures vanquished.

Grand Total: 44 creatures vanquished

Notes
Turn   | Place    | Note
-------+----------+-------------------------------------------
     0 | D:1      | lesbiats the Draconian Conjurer began the quest for the
                  | Orb.
     0 | D:1      | Reached XP level 1. HP: 14/14 MP: 3/3
   453 | D:1      | Reached XP level 2. HP: 22/22 MP: 3/5
   825 | D:1      | Learned a level 2 spell: Searing Ray
   844 | D:1      | Reached skill level 1 in Fighting
  1281 | D:2      | Noticed Natasha
  1288 | D:2      | Killed Natasha
  1289 | D:2      | Reached XP level 3. HP: 14/28 MP: 0/6
  1444 | D:2      | Noticed Natasha
  1457 | D:2      | Killed Natasha
  1458 | D:2      | Reached XP level 4. HP: 28/36 MP: 2/7
  1554 | D:2      | Noticed Natasha
  1558 | D:2      | Killed Natasha
  1559 | D:2      | Reached skill level 5 in Conjurations
  2252 | D:3      | Noticed Grinder
  2315 | D:3      | Paralysed by Grinder for 3 turns
  2327 | D:3      | Killed from afar by Grinder

Illustrated notes

Levels and vault maps discovered:
D:1:      lightli_arrival_chessboard, layout_rooms, st_stairs_1,
          item_on_display_b
D:2:      layout_rooms, uniq_natasha
D:3:      layout_basic, nicolae_gozag_zags_fifth_avenue,
          kiku_gazebo_garden_becter, shapermc_ecumenical_altar_mp_ritualfount,
          minmay_misc_feat_room, uniq_grinder

Skill      XL: |  1  2  3  4 |
---------------+-------------+-----
Fighting       | 1 2 |  2.2
Conjurations   | 5 |  5.2
Dodging        | |  1.7
Stealth        | |  1.7
Spellcasting   | |  2.9

Action                   |  1- 3 |  4- 6 || total
-------------------------+-------+-------++-------
Melee: Unarmed           |     8 |       ||     8
       Dagger            |    11 |     2 ||    13
       Tailslap          |     4 |       ||     4
 Cast: Magic Dart        |    39 |    25 ||    64
       Searing Ray       |     2 |     4 ||     6
Armor: Skin              |     9 |     2 ||    11
Dodge: Dodged            |    17 |     7 ||    24

Table legend: (Time is in decaauts)
 A = Elapsed time spent in this place.
 B = Non-inter-level travel time spent in this place.
 C = Inter-level travel time spent in this place.
 D = Time resting spent in this place.
 E = Time spent auto-exploring this place.
 F = Levels seen in this place.
 G = Mean time per level.
                   A        B        C        D        E       F      G
               +--------+--------+--------+--------+--------+-----+--------+
         Total |   2333 |   2200 |    133 |   1326 |    553 |   3 |  777.7 |
       Dungeon |   2333 |   2200 |    133 |   1326 |    553 |   3 |  777.7 |
               +--------+--------+--------+--------+--------+-----+--------+

Top non-repeatable levels by time:
     D:1: 1182 daAuts
     D:2: 859 daAuts
     D:3: 290 daAuts
